 Dungeon Crawl Stone Soup version 0.31.0-11-ge490571c62 (webtiles) character file.

Game seed: 10676986468826559352

11 Ashen the Sneak (level 2, 0/20 HPs)
             Began as a Gnoll Enchanter on Feb 3, 2024.
             Slain by a kobold
             ... wielding a +0 short sword
              (1 damage)
             ... on level 1 of the Dungeon.
             The game lasted 00:00:29 (72 turns).

Ashen the Sneak (Gnoll Enchanter)                     Turns: 72, Time: 00:00:29

Health: 0/20       AC:  2    Str:  7    XL:     2   Next: 29%
Magic:  7/7        EV: 13    Int: 14    God:
Gold:   10         SH:  0    Dex: 12    Spells: 10/10 levels left

rFire   . . .        a - +1 dagger
rCold   . . .        (no shield)
rNeg    . . .        b - +0 robe
rPois   .            (no helmet)
rElec   .            (no cloak)
rCorr   .            (no gloves)
SInv    .            (no boots)
Will    .....        (no amulet)
Stlth   +++          (no ring)
HPRegen 0.23/turn    (no ring)
MPRegen 0.10/turn

%: no passive effects
@: no status effects
A: fangs 1, strong nose, distributed training
a: no special abilities


You were on level 1 of the Dungeon.
You visited 1 branch of the dungeon, and saw 1 of its levels.

You collected 10 gold pieces.

Inventory:

Hand Weapons
 a - a +1 dagger (weapon)
Armour
 b - a +0 robe (worn)
Potions
 c - 2 potions of invisibility


   Skills:
 + Level 0.4 Fighting
 + Level 2.5 Short Blades
 + Level 0.4 Long Blades
 + Level 0.4 Axes
 + Level 0.4 Maces & Flails
 + Level 0.4 Polearms
 + Level 0.4 Staves
 + Level 0.4 Ranged Weapons
 + Level 0.4 Throwing
 + Level 0.4 Armour
 + Level 4.5 Dodging
 + Level 5.9 Stealth
 + Level 0.4 Shields
 + Level 0.4 Unarmed Combat
 + Level 4.9 Spellcasting
 + Level 0.2 Conjurations
 + Level 5.3 Hexes
 + Level 0.2 Summonings
 + Level 0.2 Necromancy
 + Level 0.2 Translocations
 + Level 0.2 Fire Magic
 + Level 0.2 Ice Magic
 + Level 0.2 Air Magic
 + Level 0.2 Earth Magic
 + Level 0.2 Alchemy
 + Level 0.5 Invocations
 + Level 0.4 Evocations
 + Level 0.3 Shapeshifting


You had 10 spell levels left.
You didn't know any spells.
Your spell library contained the following spells:

 Spells                   Type           Power      Damage    Failure   Level
 Confusing Touch          Hex            18%        N/A       6%          3
 Tukima's Dance           Hex            18%        N/A       6%          3
 Ensorcelled Hibernation  Hex/Ice        22%        N/A       9%          2
 Dazzling Flash           Conj/Hex       22%        N/A       17%         3


Dungeon Overview and Level Annotations

Branches:
Dungeon (1/15)

Altars:


Innate Abilities, Weirdness & Mutations

You have very sharp teeth.
Your uncanny sense of smell can sniff out nearby items.
Your experience applies equally to all skills.


Message History

A bat comes into view.
The bat moves out of view.
Found 4 gold pieces.
The dart slug attacks as it pursues you!
The dart slug closely misses you.
You hit the dart slug.
The dart slug is moderately wounded.
You hit the dart slug but do no damage.
The dart slug is moderately wounded.
The dart slug launches a dart at you. The slug dart hits you.
You hit the dart slug.
The dart slug is moderately wounded.
The dart slug barely misses you.
You hit the dart slug.
The dart slug is severely wounded.
The kobold barely misses you.
You hit the dart slug.
You kill the dart slug!
The kobold barely misses you.
You hit the rat.
You kill the rat!
The kobold closely misses you.
You are too injured to fight recklessly!
You closely miss the kobold. The bat hits you but does no damage.
You closely miss the kobold. The kobold hits you but does no damage.
You closely miss the kobold. The bat hits you.
The bat hits you but does no damage.
The kobold hits you with a +0 short sword.
* * * LOW HITPOINT WARNING * * *
You barely miss the kobold. The bat misses you.
The kobold hits you with a +0 short sword.
* * * LOW HITPOINT WARNING * * *
You closely miss the kobold. You bite the kobold, but do no damage.
The bat hits you.
* * * LOW HITPOINT WARNING * * *
The kobold misses you.
You closely miss the kobold.
The kobold hits you with a +0 short sword.
You die...

#.....#............. .
+..<..'.#........... #.
#.....####.$........
#..#.....#.............
###.#######.####.#.###..
#...........####.......#
#.........##...#...[.#
#..$b###....#........
#...@K.......†.......
......##†...†.........(.
#.... #.)..####........
.$......††..# #........
###......#....##K.....K.
....r.##.##.##..)...$.
...... ... ........$..
#...##..#.. ..#......
.... .. ... .#


You could see a bat and a kobold.

Vanquished Creatures
  A dart slug (D:1)
  3 giant cockroaches (D:1)
  A ball python (D:1)
  A frilled lizard (D:1)
  A kobold (D:1)
  4 rats (D:1)
11 creatures vanquished.

Notes
Turn   | Place    | Note
-------+----------+-------------------------------------------
     0 | D:1      | Ashen the Gnoll Enchanter began the quest for the Orb.
     0 | D:1      | Reached XP level 1. HP: 13/13 MP: 6/6
    57 | D:1      | Reached XP level 2. HP: 6/19 MP: 7/7
    71 | D:1      | HP: 1/20 [bat (1)]
    72 | D:1      | Slain by a kobold

Illustrated notes

Levels and vault maps discovered:
D:1:      minmay_arrival_checkered_box, layout_rooms, minmay_tromino_v4_a

Action                     || total
---------------------------++-------
  Melee: Dagger            ||    44
         Bite              ||     3
   Stab: Sleeping          ||     1
 Armour: Robe              ||    24
  Dodge: Dodged            ||    29
